 Dungeon Crawl Stone Soup version 0.27-a0-249-g74f53ef629 (webtiles) character file.

Game seed: 563262813158885643

343 sahdkjhfkaj the Fighter (level 6, 0/76 HPs)
             Began as an Ogre Fighter on Feb 3, 2021.
             Slain by a killer bee (9 damage)
             ... on level 4 of the Dungeon.
             The game lasted 00:02:03 (4811 turns).

sahdkjhfkaj the Fighter (Ogre Fighter)              Turns: 4811, Time: 00:02:04

Health: 0/76       AC:  3    Str: 22    XL:     6   Next: 57%
Magic:  6/6        EV:  8    Int: 10    God:
Gold:   140        SH:  9    Dex:  8    Spells: 5/5 levels left

rFire    . . .     SeeInvis .   a - +0 war axe
rCold    . . .     Faith    .   c - +1 kite shield
rNeg     . . .     Spirit   .   b - +0 robe
rPois    .         Reflect  .   (helmet restricted)
rElec    .         Harm     .   (no cloak)
rCorr    .         Rampage  .   (gloves unavailable)
Will     .....                  (boots unavailable)
Stlth    +.........             (no amulet)
HPRegen  0.22/turn              (no ring)
MPRegen  0.10/turn              (no ring)

@: lethally poisoned (0 -> -7)
A: large, unfitting armour, tough skin 1
a: no special abilities


You were on level 4 of the Dungeon.
You visited 1 branch of the dungeon, and saw 4 of its levels.

You collected 140 gold pieces.

Inventory:

Hand Weapons
 a - a +0 war axe (weapon)
Armour
 b - a +0 robe (worn)
 c - a +1 kite shield (worn)
Scrolls
 f - 3 scrolls of remove curse {unknown}
 g - 2 scrolls of enchant armour
 h - a scroll of random uselessness {unknown}
 j - a scroll of teleportation {unknown}
 l - 2 scrolls of amnesia {unknown}
 o - a scroll of fear {unknown}
 q - 3 scrolls of identify {unknown}
Potions
 d - 2 potions of might
 e - a potion of lignification {unknown}
 k - a potion of magic {unknown}
 n - a potion of degeneration {unknown}
 p - a potion of flight {unknown}


   Skills:
 + Level 9.4 Fighting
 - Level 2.0 Axes
 - Level 2.6 Dodging
 - Level 2.6 Shields


You had 5 spell levels left.
You didn't know any spells.
Your spell library was empty.

Dungeon Overview and Level Annotations

Branches:
Dungeon (4/15)
 Temple: D:4-7

Altars:
Gozag
Trog


Innate Abilities, Weirdness & Mutations

You are too large for most types of armour.
You have tough skin. (AC +1)


Message History

You aren't carrying any items that you can evoke.
You aren't carrying any items that you can evoke.
You barely miss the killer bee.
You feel sick.
The killer bee stings you but does no damage.
You block the killer bee's attack. The killer bee stings you.
Unknown command.
You closely miss the killer bee.
You feel sick. The killer bee barely misses you.
The killer bee stings you but does no damage.
The killer bee stings you!
* * * LOW HITPOINT WARNING * * *
You closely miss the killer bee.
You feel sick. You block the killer bee's attack. The killer bee stings you!
* * * LOW HITPOINT WARNING * * *
The killer bee closely misses you.
You miss the killer bee.
You feel sick. You block the killer bee's attack. The killer bee stings you.
* * * LOW HITPOINT WARNING * * *
The killer bee stings you!
You die...

#.................#........
#######.รท####.....####...........
#........# ##...## #..#........
#........# ##.## #..#########
#........## #.# ##..# #...).....##
+#.#+ ##...#
#######....###...###....#
#........8........#########
#######....###..@###....#.......#
#.........## +#.#y.##...#..)....#
#........## #.#w..##..#.......#
#........# ##.##...#..###.#####
#######..# ##...##.!#..#........
#..####.....####..#........
#.................#........
###.......#.#.......#........
#.........#...#####.#........


You could see a worm and a killer bee.

Vanquished Creatures
  A swamp drake (D:4)
  A hound (D:4)
  Terence (D:3)
  An orc wizard (D:3)
  7 adders
  An ufetubus (D:3)
  An adder skeleton (D:4)
  2 worms
  2 dart slugs (D:1)
  2 leopard geckos
  5 orcs
  A ball python (D:3)
  9 bats
  7 giant cockroaches
  13 goblins
  10 hobgoblins
  3 jackals (D:2)
  7 kobolds
  2 quokkas
  5 frilled lizards
  7 rats
88 creatures vanquished.

Notes
Turn   | Place    | Note
-------+----------+-------------------------------------------
     0 | D:1      | sahdkjhfkaj the Ogre Fighter began the quest for the Orb.
     0 | D:1      | Reached XP level 1. HP: 24/24 MP: 1/1
   149 | D:1      | Reached XP level 2. HP: 31/33 MP: 2/2
   357 | D:1      | Reached skill level 5 in Fighting
   892 | D:1      | Reached XP level 3. HP: 34/42 MP: 3/3
  1401 | D:2      | Reached skill level 6 in Fighting
  1563 | D:2      | HP: 2/44 [adder (2)]
  1565 | D:2      | Reached XP level 4. HP: 1/53 MP: 4/4
  2274 | D:3      | Reached skill level 7 in Fighting
  2694 | D:3      | Found an opulent altar of Gozag.
  2699 | D:3      | Found a bloodstained altar of Trog.
  2813 | D:3      | Found a glowing drain.
  2827 | D:3      | Reached XP level 5. HP: 40/62 MP: 5/5
  3091 | D:3      | Noticed Terence
  3095 | D:3      | Killed Terence
  3244 | D:3      | HP: 3/63 [something (2)]
  3257 | D:3      | Reached skill level 8 in Fighting
  3771 | D:4      | Reached XP level 6. HP: 46/74 MP: 6/6
  4125 | D:4      | Noticed a water moccasin
  4138 | D:4      | Noticed an acid dragon
  4138 | D:4      | a water moccasin changed into an acid dragon
  4139 | D:4      | Noticed a wyvern
  4139 | D:4      | an acid dragon changed into a wyvern
  4140 | D:4      | HP: 3/74 [wyvern (6)]
  4144 | D:4      | Noticed a swamp drake
  4144 | D:4      | a wyvern changed into a swamp drake
  4146 | D:4      | HP: 1/74 [swamp drake (11)]
  4152 | D:4      | Killed a swamp drake
  4153 | D:4      | Reached skill level 9 in Fighting
  4811 | D:4      | Slain by a killer bee

Illustrated notes

Levels and vault maps discovered:
D:1:      minmay_arrival_arboretum_small, layout_basic
D:2:      layout_rooms
D:3:      layout_loops_ring, minitemple, portal_sewer_entry_d, uniq_terence
D:4:      cheibrodos_barr_body, layout_basic

Skill      XL: |  1  2  3  4  5  6 |
---------------+-------------------+-----
Fighting       | 5 6 7 8 9 |  9.4
Axes           | |  2.0
Dodging        | |  2.6
Shields        | |  2.6

Action                   |  1- 3 |  4- 6 || total
-------------------------+-------+-------++-------
Melee: War axe           |   113 |   215 ||   328
Evoke: Wand              |       |     7 ||     7
  Use: Potion            |     2 |     4 ||     6
       Scroll            |       |     1 ||     1
Armor: Robe              |    36 |    46 ||    82
Dodge: Dodged            |    43 |    84 ||   127
Block: Kite shield       |    57 |   120 ||   177

Table legend: (Time is in decaauts)
 A = Elapsed time spent in this place.
 B = Non-inter-level travel time spent in this place.
 C = Inter-level travel time spent in this place.
 D = Time resting spent in this place.
 E = Time spent auto-exploring this place.
 F = Levels seen in this place.
 G = Mean time per level.
                   A        B        C        D        E       F      G
               +--------+--------+--------+--------+--------+-----+--------+
         Total |   5013 |   4969 |     44 |      0 |   4195 |   4 | 1253.2 |
       Dungeon |   5013 |   4969 |     44 |      0 |   4195 |   4 | 1253.2 |
               +--------+--------+--------+--------+--------+-----+--------+

Top non-repeatable levels by time:
     D:3: 1470 daAuts
     D:1: 1446 daAuts
     D:4: 1233 daAuts
     D:2: 863 daAuts
